 Dungeon Crawl Stone Soup version 0.22-a0-348-gd16d139 (webtiles) character file.

192 xccam the Fighter (level 5, 0/57 HPs)
             Began as a Gnoll Wanderer on Apr 8, 2018.
             Was an Initiate of Cheibriados.
             Slain by a centaur (5 damage)
             ... on level 3 of the Dungeon.
             The game lasted 00:04:59 (1632 turns).

xccam the Fighter (Gnoll Wanderer)                  Turns: 1632, Time: 00:05:00

Health: 0/57       AC:  2    Str: 15    XL:     5   Next: 71%
Magic:  8/8        EV: 13    Int: 17    God:    Cheibriados [......]
Gold:   103        SH:  0    Dex: 15    Spells: 7/7 levels left

rFire    . . .     SeeInvis .   a - +2 hand axe
rCold    . . .     Gourm    .   (no shield)
rNeg     . . .     Faith    .   d - +0 robe
rPois    .         Spirit   .   (no helmet)
rElec    .         Reflect  .   (no cloak)
rCorr    .         Harm     .   (no gloves)
MR       .....                  (no boots)
Stlth    ++........             (no amulet)
HPRegen  0.19/turn              (no ring)
MPRegen  0.11/turn              (no ring)

@: very slow
A: distributed training, fangs 1, strong nose
a: Bend Time, Renounce Religion


You were on level 3 of the Dungeon.
You worshipped Cheibriados.
Cheibriados was noncommittal.
You were not hungry.

You visited 1 branch of the dungeon, and saw 3 of its levels.

You collected 103 gold pieces.

Inventory:

Hand Weapons
 a - a +2 hand axe (weapon)
Armour
 d - a +0 robe (worn)
Scrolls
 b - 2 scrolls of teleportation
 h - a scroll of blinking {unknown}
 j - 3 scrolls of remove curse
 m - a scroll of magic mapping {unknown}
Potions
 c - a potion of lignification
 e - 2 potions of invisibility
 g - a potion of haste
 i - 2 potions of curing
 k - a potion of heal wounds
Comestibles
 f - 3 rations


   Skills:
 + Level 12.1 Fighting
 + Level 1.5 Short Blades
 + Level 1.5 Long Blades
 + Level 3.0 Axes
 + Level 1.5 Maces & Flails
 + Level 1.5 Polearms
 + Level 1.5 Staves
 + Level 1.5 Slings
 + Level 1.5 Bows
 + Level 1.5 Crossbows
 + Level 1.5 Throwing
 + Level 1.5 Armour
 + Level 3.0 Dodging
 + Level 1.5 Stealth
 + Level 1.5 Shields
 + Level 1.5 Unarmed Combat
 + Level 1.5 Spellcasting
 + Level 1.2 Conjurations
 + Level 1.2 Hexes
 + Level 1.2 Charms
 + Level 1.2 Summonings
 + Level 1.2 Necromancy
 + Level 1.2 Translocations
 + Level 1.2 Transmutations
 + Level 1.2 Fire Magic
 + Level 1.2 Ice Magic
 + Level 1.2 Air Magic
 + Level 1.2 Earth Magic
 + Level 1.2 Poison Magic
 + Level 1.7 Invocations
 + Level 4.8 Evocations


You had 7 spell levels left.
You didn't know any spells.

Dungeon Overview and Level Annotations

Branches:
Dungeon (3/15)

Altars:
Cheibriados
Dithmenos
Kikubaaqudgha
Trog


Innate Abilities, Weirdness & Mutations

Your experience applies equally to all skills.
You have very sharp teeth.
Your uncanny sense of smell can sniff out nearby items.


Message History

Found a pair of gloves.
A centaur comes into view.
A centaur is nearby!
A centaur is nearby!
The centaur shouts!
The centaur wields a shortbow.
The centaur shoots an arrow.
The arrow hits you!
You see here an arrow.
The centaur shoots an arrow.
The arrow hits you!!
You see here an arrow.
The centaur shoots an arrow.
The arrow hits you!
* * * LOW HITPOINT WARNING * * *
You see here an arrow.
The centaur unwields an uncursed shortbow.
The centaur barely misses you. The centaur hits you.
* * * LOW HITPOINT WARNING * * *
You see here an arrow.
You barely miss the centaur. The centaur hits you!
* * * LOW HITPOINT WARNING * * *
The centaur hits you.
You die...

#.............รท.....(
##...##......#.....##
######...#########.......
.............[...........
##.......................
#.......................
#..................###..
#.......((.!.......# ..
#......@....##....
##...###c..## ... #...
......# .. #.. .......# #
.......... .........#..
...#......... ######.


You could see a centaur.

Vanquished Creatures
  A crimson imp (D:2)
  7 adders
  3 gnolls (D:3)
  2 oozes (D:2)
  A dart slug (D:2)
  3 leopard geckos
  7 bats
  3 giant cockroaches
  9 hobgoblins
  2 ball pythons
  2 frilled lizards
  8 goblins
  3 kobolds
  9 rats
60 creatures vanquished.

Vanquished Creatures (others)
  4 toadstools (D:1)
4 creatures vanquished.

Grand Total: 64 creatures vanquished

Notes
Turn   | Place    | Note
-------+----------+-------------------------------------------
     0 | D:1      | Reached skill level 12 in Fighting
     0 | D:1      | xccam the Gnoll Wanderer began the quest for the Orb.
     0 | D:1      | xccam set off with: a +2 hand axe, a scroll of teleportation, a potion of lignification, a +0 robe, a ration
     0 | D:1      | Reached XP level 1. HP: 31/31 MP: 3/3
    21 | D:1      | Reached XP level 2. HP: 23/38 MP: 5/5
   302 | D:1      | Reached XP level 3. HP: 33/44 MP: 6/6
   537 | D:2      | Reached skill level 1 in Invocations
   626 | D:2      | Reached skill level 1 in Short Blades
   626 | D:2      | Reached skill level 1 in Long Blades
   626 | D:2      | Reached skill level 1 in Maces & Flails
   626 | D:2      | Reached skill level 1 in Polearms
   626 | D:2      | Reached skill level 1 in Staves
   626 | D:2      | Reached skill level 1 in Slings
   626 | D:2      | Reached skill level 1 in Bows
   626 | D:2      | Reached skill level 1 in Crossbows
   626 | D:2      | Reached skill level 1 in Throwing
   626 | D:2      | Reached skill level 1 in Armour
   626 | D:2      | Reached skill level 1 in Stealth
   626 | D:2      | Reached skill level 1 in Shields
   626 | D:2      | Reached skill level 1 in Unarmed Combat
   626 | D:2      | Reached skill level 1 in Spellcasting
   626 | D:2      | Reached XP level 4. HP: 42/51 MP: 7/7
   845 | D:2      | Reached skill level 1 in Conjurations
   845 | D:2      | Reached skill level 1 in Hexes
   845 | D:2      | Reached skill level 1 in Charms
   845 | D:2      | Reached skill level 1 in Summonings
   845 | D:2      | Reached skill level 1 in Necromancy
   845 | D:2      | Reached skill level 1 in Translocations
   845 | D:2      | Reached skill level 1 in Transmutations
   845 | D:2      | Reached skill level 1 in Fire Magic
   845 | D:2      | Reached skill level 1 in Ice Magic
   845 | D:2      | Reached skill level 1 in Air Magic
   845 | D:2      | Reached skill level 1 in Earth Magic
   845 | D:2      | Reached skill level 1 in Poison Magic
   897 | D:2      | Found a snail-covered altar of Cheibriados.
   897 | D:2      | Found a bloodstained altar of Trog.
   897 | D:2      | Found a shadowy altar of Dithmenos.
   897 | D:2      | Found an ancient bone altar of Kikubaaqudgha.
   904 | D:2      | Became a worshipper of Cheibriados the Contemplative
   923 | D:2      | Reached XP level 5. HP: 39/57 MP: 8/8
  1626 | D:3      | Noticed a centaur
  1632 | D:3      | Slain by a centaur

Vault maps used:
D:1:      ldierk_walled_garden_2
D:2:      chequers_temple_overflow_statue_of_worship, first_ration
D:3:      uniq_robin

Skill      XL: |  1  2  3  4  5 |
---------------+----------------+-----
Fighting       | | 12.1
Invocations    | 1 |  1.7
Short Blades   | 1 |  1.5
Long Blades    | 1 |  1.5
Maces & Flails | 1 |  1.5
Polearms       | 1 |  1.5
Staves         | 1 |  1.5
Slings         | 1 |  1.5
Bows           | 1 |  1.5
Crossbows      | 1 |  1.5
Throwing       | 1 |  1.5
Armour         | 1 |  1.5
Stealth        | 1 |  1.5
Shields        | 1 |  1.5
Unarmed Combat | 1 |  1.5
Spellcasting   | 1 |  1.5
Conjurations   | 1 |  1.2
Hexes          | 1 |  1.2
Charms         | 1 |  1.2
Summonings     | 1 |  1.2
Necromancy     | 1 |  1.2
Translocations | 1 |  1.2
Transmutations | 1 |  1.2
Fire Magic     | 1 |  1.2
Ice Magic      | 1 |  1.2
Air Magic      | 1 |  1.2
Earth Magic    | 1 |  1.2
Poison Magic   | 1 |  1.2
Axes           | 3 |  3.0
Dodging        | 3 |  3.0
Evocations     | |  4.8

Action                   |  1- 3 |  4- 6 || total
-------------------------+-------+-------++-------
Melee: Hand axe          |    78 |    81 ||   159
       Bite              |     6 |     3 ||     9
  Use: Scroll            |       |     5 ||     5
 Stab: Sleeping          |     2 |     4 ||     6
  Eat: Chunk             |       |     3 ||     3
Armor: Robe              |    21 |     8 ||    29
Dodge: Dodged            |    68 |    57 ||   125

Table legend:
 A = Spawn XP
 B = Non-spawn XP
 C = Spawn XP percentage of total XP
 D = Spawn monster count
 E = Non-spawn monster count
 F = Spawn count percentage of total count
 G = Total turns spent on level
                    A         B        C        D         E        F      G
               +---------+---------+-------+---------+---------+-------+---------
         Total |       0 |     275 |   0.0 |       0 |      60 |   0.0 |  1632
               +---------+---------+-------+---------+---------+-------+---------
           D:1 |       0 |      47 |   0.0 |       0 |      28 |   0.0 |   530
           D:2 |       0 |     170 |   0.0 |       0 |      24 |   0.0 |   744
           D:3 |       0 |      58 |   0.0 |       0 |       8 |   0.0 |   358
               +---------+---------+-------+---------+---------+-------+---------
